 Dungeon Crawl Stone Soup version 0.19-a0-1021-g80cc50c (webtiles) character file.

21679 Cutter the Whirler (level 13, 0/81 HPs)
             Began as a Halfling Fighter on July 26, 2016.
             Was a Priest of Nemelex Xobeh.
             Slain by a meliai
             ... wielding a +0 war axe
              (5 damage)
             ... on level 13 of the Dungeon on July 27, 2016.
             The game lasted 01:39:07 (13000 turns).

Cutter the Whirler (Halfling Fighter)              Turns: 13000, Time: 01:39:08

Health: 0/81       AC:  7    Str: 22    XL:     13   Next: 21%
Magic:  0/15       EV: 22    Int: 11    God:    Nemelex Xobeh [***...]
Gold:   119        SH: 13    Dex: 18    Spells: 1 memorised, 9 levels left

rFire  . . .     SeeInvis .     a - +3 long sword of Regicide {slice, Int+4 Dex+3}
rCold  . . .     Gourm    .     w - +2 robe {MR+}
rNeg   . . .     Faith    .     c - +0 shield
rPois  +         Spirit   +     (no helmet)
rElec  .         Dismiss  .     u - +0 cloak
rCorr  .         Reflect  .     (no gloves)
SustAt .         Harm     .     t - +1 pair of boots
MR     +....                    C - amulet of guardian spirit
Stlth  ++++......               s - +2 ring of dexterity
                                l - +2 ring of strength

@: about to teleport, somewhat resistant to hostile enchantments, stealthy
A: clumsy 1, mutation resistance 1, poison resistance
a: Triple Draw, Renounce Religion


You were on level 13 of the Dungeon.
You worshipped Nemelex Xobeh.
Nemelex Xobeh was most pleased with you.
You were hungry.

You visited 2 branches of the dungeon, and saw 14 of its levels.
You also visited: Bailey.

You collected 897 gold pieces.
You spent 778 gold pieces at shops.

Inventory:

Hand Weapons
 a - the +3 long sword of Regicide (weapon) {slice, Int+4 Dex+3}
   (You bought it in a shop on level 7 of the Dungeon)

   It inflicts extra damage upon your enemies.
   It affects your intelligence (+4).
   It affects your dexterity (+3).
 b - a +3 hunting sling of freezing
 m - a +0 short sword of venom
Missiles
 g - 63 sling bullets
 k - 194 stones (quivered)
 R - 2 throwing nets
Armour
 c - a +0 shield (worn)
 e - a +0 scale mail
 t - a +1 pair of boots (worn)
 u - a +0 cloak (worn)
 w - a +2 robe of magic resistance (worn)
 K - a +0 leather armour of fire resistance
 L - a troll hide
 P - a +2 plate armour of cold resistance
Jewellery
 l - a +2 ring of strength (left hand)
 q - the ring of Paiwo {Ice SInv}
   (You took it off an orc warrior in a bailey)

   [ring of ice]

   It enhances your ice magic, and weakens your fire magic.
   It makes you vulnerable to fire.
   It protects you from cold.
   It lets you see invisible.
 s - a +2 ring of dexterity (right hand)
 y - a +2 ring of strength
 C - an amulet of guardian spirit (around neck)
Wands
 p - a wand of disintegration (16/24)
Scrolls
 o - 8 scrolls of remove curse
 r - 3 scrolls of identify
 v - 3 scrolls of magic mapping
 S - a scroll of torment
 X - 2 scrolls of recharging
Potions
 d - 4 potions of might
 i - a potion of ambrosia
 n - 2 potions of resistance
 z - a potion of magic
 A - a potion of beneficial mutation
 B - a potion of heal wounds
 E - 3 potions of brilliance
 F - 7 potions of curing
 H - a potion of agility
 N - 2 potions of mutation
Books
 T - a book of Necromancy

   Spells                             Type                      Level
   a - Pain                           Necromancy                   1
   b - Animate Skeleton               Necromancy                   1
   c - Vampiric Draining              Necromancy                   3
   d - Regeneration                   Charms/Necromancy            3
   e - Animate Dead                   Necromancy                   4
   f - Control Undead                 Necromancy                   4
Miscellaneous
 G - an ornate deck of summoning
 I - a plain deck of destruction {drawn: 10}
 J - an ornate deck of destruction {drawn: 1}
 M - a legendary deck of destruction
 O - an ornate deck of escape
 Q - a plain deck of destruction
 U - a plain deck of destruction
Comestibles
 f - 12 bread rations
 h - 4 beef jerkies
 x - 6 fruits
 V - a slice of pizza


   Skills:
 - Level 5.1 Fighting
 - Level 3.2(5.0) Short Blades
 - Level 4.4(4.8) Long Blades
 + Level 17.9 Slings
 - Level 3.2 Armour
 - Level 10.1 Dodging
 - Level 7.2 Stealth
 + Level 10.8 Shields
 - Level 3.3 Evocations


You had 9 spell levels left.
You knew the following spells:

 Your Spells              Type           Power        Failure   Level  Hunger
a - Regeneration          Chrm/Necr      #.........   100%        3    ####...


Dungeon Overview and Level Annotations

Branches:
Dungeon (13/15)            Temple (1/1) D:5            Lair (0/6) D:8
    Orc (0/2) D:12
 Vaults: D:13-14

Altars:
Ashenzari
Cheibriados
Dithmenos
Elyvilon
Fedhas
Gozag
Hepliaklqana
Kikubaaqudgha
Makhleb
Nemelex Xobeh
Okawaru
Pakellas
Qazlal
Ru
Sif Muna
Trog
Uskayaw
Vehumet
Xom
Yredelemnul
Zin
The Shining One

Shops:
D:7 (   D:12 *!:

Annotations:
D:8 Prince Ribbit
D:10 Nergalle
D:12 Harold
D:13 Gingerlord's ghost, journeyman SpEn


Innate Abilities, Weirdness & Mutations

You are small and have problems with some larger weapons.
You are somewhat resistant to further mutation.
You are clumsy. (Dex -2)
Your system is resistant to poisons. (rPois)


Message History

The meliai stings you. You block the meliai's attack.
The meliai completely misses you. The meliai barely misses you.
The meliai completely misses you.
You barely miss the meliai.
The meliai is heavily wounded.
The meliai hits you with a hand axe. The meliai completely misses you.
The meliai hits you with a war axe! The meliai stings you!
* * * LOW HITPOINT WARNING * * *
You block the meliai's attack. x2; The meliai hits you with a war axe.
* * * LOW HITPOINT WARNING * * *
You block the meliai's attack. The meliai hits you with a war axe!
* * * LOW HITPOINT WARNING * * *
The meliai barely misses you. x2; You block the meliai's attack.
The meliai misses you.
You riposte.
You are feeling hungry.
You hit the meliai but do no damage.
The meliai is heavily wounded.
The meliai stings you.
You die...
Your body glows with a rainbow of weird colours and disappears.

##'##### #.....# #(.......
.......# #.....# #.....>..
.......### #.....# ###........
.......'.# #.....###............
.......#.####....(#...###........
.......#............# #...(....
.......######.....### #....W..$
.......# #.§§.§# #........
+####### #(.y@y# ####y## #W# #§##
#y§# ##§# ..y h.... ....W.#


You could see 3 meliai and Gingerlord's ghost.

Vanquished Creatures
  An orc warlord (Bailey)
  Fannar (D:12)
  A hydra (D:12)
  3 orc knights (Bailey)
  3 hill giants
  A deep elf mage (D:8)
  A cyclops (D:13)
  Maurice (D:10)
  2 centaur zombies
  Psyche (D:8)
  A kobold demonologist (D:13)
  A komodo dragon (D:13)
  2 trolls
  The ghost of Nausicaa the Ruffian, an amateur VSMo of Cheibriados (D:5)
  4 wyverns
  A hungry ghost (D:8)
  2 vampire mosquitoes (D:12)
  A steam dragon (D:12)
  5 hippogriffs
  A mottled dragon (D:11)
  A water moccasin (D:9)
  Duvessa (D:7)
  A giant eyeball (Bailey)
  2 sky beasts
  2 wasps
  A black bear (D:9)
  2 necrophages
  2 ice beasts
  6 orc warriors (Bailey)
  2 ogres (D:12)
  2 phantoms
  19 centaurs
  2 crocodiles
  5 giant frogs
  Dowan (D:7)
  A wyvern skeleton (D:7)
  A water moccasin skeleton (D:7)
  2 scorpions
  4 killer bees (D:10)
  4 jellies
  9 wights
  A giant frog zombie (D:8)
  5 crimson imps
  A quasit (D:7)
  4 orc priests
  6 hounds
  3 centaur skeletons
  3 iguanas
  Jessica (D:3)
  Natasha (thrice) (D:4)
  4 orc wizards
  A hell rat (Bailey)
  11 worker ants
  2 hound zombies (D:5)
  A hound skeleton (D:7)
  A worker ant zombie (D:11)
  30 gnolls
  13 adders
  3 shadow imps
  An ooze (D:1)
  6 giant geckos
  49 orcs
  2 giant cockroaches
  27 goblins
  14 hobgoblins
  6 jackals
  7 quokkas
  2 ball pythons
  8 bats
  A giant gecko skeleton (D:4)
  A giant gecko zombie (D:9)
  2 giant newts
  4 kobolds
  3 rats (D:1)
330 creatures vanquished.

Vanquished Creatures (collateral kills)
  A wraith (D:12)
  An orc warrior (Bailey)
  A gnoll (Bailey)
  A goblin (Bailey)
4 creatures vanquished.

Vanquished Creatures (others)
  A wyvern (D:5)
1 creature vanquished.

Grand Total: 335 creatures vanquished

Notes
Turn   | Place    | Note
-------+----------+-------------------------------------------
     0 | D:1      | Cutter the Halfling Fighter began the quest for the Orb.
     0 | D:1      | Reached XP level 1. HP: 15/15 MP: 1/1
   114 | D:2      | Found a basalt altar of Yredelemnul.
   156 | D:1      | Reached skill level 1 in Slings
   156 | D:1      | Reached XP level 2. HP: 19/20 MP: 2/2
   666 | D:1      | Reached XP level 3. HP: 16/25 MP: 3/3
   907 | D:2      | Reached skill level 2 in Slings
  1093 | D:2      | Reached XP level 4. HP: 14/31 MP: 4/4
  1546 | D:3      | Reached skill level 3 in Slings
  1872 | D:3      | Reached XP level 5. HP: 31/36 MP: 5/5
  2012 | D:3      | Noticed Jessica
  2019 | D:3      | Reached skill level 4 in Slings
  2027 | D:3      | Killed Jessica
  2229 | D:3      | Reached skill level 5 in Slings
  2571 | D:4      | Noticed Natasha
  2586 | D:4      | Killed Natasha
  2674 | D:4      | Reached skill level 1 in Dodging
  2674 | D:4      | Reached XP level 6. HP: 35/42 MP: 6/6
  2893 | D:4      | Reached skill level 6 in Slings
  2938 | D:4      | Noticed Natasha
  2946 | D:4      | Killed Natasha
  2953 | D:4      | Noticed Natasha
  2992 | D:4      | Killed Natasha
  3331 | D:4      | Reached XP level 7. HP: 40/46 MP: 7/7
  3381 | D:4      | Gained mutation: You are clumsy. (Dex -2) [potion of mutation]
  3487 | D:5      | Entered Level 5 of the Dungeon
  3495 | D:5      | Reached skill level 7 in Slings
  3499 | D:5      | Noticed Nausicaa's ghost (amateur VSMo)
  3545 | D:5      | Found a staircase to the Ecumenical Temple.
  3553 | Temple   | Entered the Ecumenical Temple
  3867 | D:5      | Killed a wyvern
  4126 | D:5      | Reached skill level 8 in Slings
  4271 | D:5      | Noticed an air elemental
  4273 | D:5      | Found a stormy altar of Qazlal.
  4278 | D:5      | Noticed a water elemental
  4344 | D:5      | Killed Nausicaa's ghost
  4344 | D:5      | Reached skill level 5 in Dodging
  4344 | D:5      | Reached XP level 8. HP: 38/52 MP: 8/8
  4519 | D:5      | Reached skill level 9 in Slings
  4696 | D:5      | Found an oddly glowing altar of Pakellas.
  4696 | D:5      | Noticed an orange crystal statue
  4851 | D:6      | Reached skill level 5 in Shields
  5023 | D:6      | Found a glowing golden altar of the Shining One.
  5026 | D:6      | Found a deep blue altar of Sif Muna.
  5031 | D:6      | Gained mutation: Your system is resistant to poisons. (rPois) [potion of mutation]
  5071 | D:6      | Found a sparkling altar of Nemelex Xobeh.
  5074 | D:6      | Became a worshipper of Nemelex Xobeh the Trickster
  5258 | D:7      | Reached skill level 10 in Slings
  5404 | D:7      | Reached XP level 9. HP: 56/57 MP: 9/9
  5418 | D:7      | Reached skill level 11 in Slings
  5456 | D:7      | Found Rej Ocaz's Antique Weapon Emporium.
  5466 | D:7      | Bought a runed hunting sling for 36 gold pieces
  5472 | D:7      | Received a gift from Nemelex Xobeh
  5475 | D:7      | Got an ebony quarterstaff
  5476 | D:7      | Identified the +8 quarterstaff of Sin {crush, rPois Str+5 Stlth-} (You found it on level 7 of the Dungeon)
  5482 | D:7      | Bought a bloodstained long sword for 204 gold pieces
  5483 | D:7      | Identified the +3 long sword of Regicide {slice, Int+4 Dex+3} (You bought it in a shop on level 7 of the Dungeon)
  5553 | D:7      | Found a flagged portal.
  5574 | Bailey   | Entered a bailey
  5787 | Bailey   | Noticed an orc knight
  5798 | Bailey   | an orc knight changed into a giant eyeball
  5803 | Bailey   | Reached skill level 12 in Slings
  5877 | Bailey   | Noticed an orc knight
  5878 | Bailey   | Noticed an orc knight
  5947 | Bailey   | Killed an orc knight
  5967 | Bailey   | Killed an orc knight
  5967 | Bailey   | Reached skill level 1 in Long Blades
  5967 | Bailey   | Reached skill level 13 in Slings
  5967 | Bailey   | Reached skill level 1 in Evocations
  5967 | Bailey   | Reached XP level 10. HP: 20/63 MP: 9/11
  6231 | Bailey   | Noticed an orc warlord
  6250 | Bailey   | Killed an orc warlord
  6250 | Bailey   | Reached skill level 14 in Slings
  6284 | Bailey   | Noticed an orc knight
  6296 | Bailey   | Killed an orc knight
  6333 | Bailey   | Got a brightly glowing bronze ring
  6340 | Bailey   | Identified the ring of Paiwo {Ice SInv} (You took it off an orc warrior in a bailey)
  6365 | Bailey   | Reached skill level 15 in Slings
  6509 | Bailey   | Reached XP level 11. HP: 61/67 MP: 13/13
  6753 | D:7      | Noticed Duvessa
  6753 | D:7      | Noticed Dowan
  6773 | D:7      | Killed Dowan
  6852 | D:7      | Killed Duvessa
  6869 | D:7      | Reached skill level 10 in Shields
  7535 | D:8      | Found a staircase to the Lair.
  7554 | D:8      | Reached * piety under Nemelex Xobeh
  7722 | D:8      | Found a white marble altar of Elyvilon.
  7761 | D:8      | Noticed Psyche
  7778 | D:8      | Killed Psyche
  7897 | D:8      | Noticed Prince Ribbit
  8139 | D:8      | Noticed a deep elf mage
  8147 | D:8      | Killed a deep elf mage
  8147 | D:8      | Reached XP level 12. HP: 71/74 MP: 12/14
  8195 | D:8      | Received a gift from Nemelex Xobeh
  8478 | D:9      | Found an ancient bone altar of Kikubaaqudgha.
  8628 | D:9      | Received a gift from Nemelex Xobeh
  8656 | D:9      | Found a radiant altar of Vehumet.
  8747 | D:9      | Reached ** piety under Nemelex Xobeh
  8984 | D:10     | Entered Level 10 of the Dungeon
  9137 | D:10     | Noticed Nergalle
  9138 | D:10     | Noticed Maurice
  9609 | D:10     | Received a gift from Nemelex Xobeh
  9958 | D:10     | Reached skill level 5 in Fighting
  9958 | D:10     | Reached skill level 16 in Slings
 10102 | D:10     | Killed Maurice
 10105 | D:10     | Got a brightly glowing flail {crush}
 10128 | D:10     | Identified the +5 flail of Bogg {crush, MR+} (You took it off Maurice on level 10 of the Dungeon)
 10506 | D:11     | Received a gift from Nemelex Xobeh
 11175 | D:12     | Reached *** piety under Nemelex Xobeh
 11175 | D:12     | Received a gift from Nemelex Xobeh
 11202 | D:12     | Noticed a seven-headed hydra
 11215 | D:12     | Noticed Fannar
 11239 | D:12     | Found a staircase to the Orcish Mines.
 11261 | D:12     | Killed a seven-headed hydra
 11327 | D:12     | Killed Fannar
 11549 | D:12     | Found Hibef's General Store.
 11558 | D:12     | Reached skill level 17 in Slings
 11577 | D:12     | Reached skill level 10 in Dodging
 11710 | D:12     | Bought a scroll of magic mapping for 56 gold pieces
 11750 | D:12     | Found Qurrahiy's Book Shop.
 11763 | D:12     | Reached XP level 13. HP: 68/81 MP: 15/15
 11782 | D:12     | Bought a book of Necromancy for 450 gold pieces
 11786 | D:12     | Learned a level 3 spell: Regeneration
 11815 | D:12     | Received a gift from Nemelex Xobeh
 11847 | D:12     | Noticed Harold
 12239 | D:12     | Found Bory Nie's Distillery.
 12258 | D:12     | Bought a potion of mutation for 32 gold pieces
 12700 | D:13     | Noticed Gingerlord's ghost (journeyman SpEn)
 12873 | D:13     | Received a gift from Nemelex Xobeh
 13000 | D:13     | Slain by a meliai

Vault maps used:
D:1:      saegor_arrival_simple_f
D:2:      yredelemnul_altar_generic, first_bread, minmay_misc_feat_cross,
          uniq_crazy_yiuf_cottage, uniq_sigmund
D:3:      uniq_jessica
D:4:      uniq_natasha
D:5:      gammafunk_pakellas_statue_experiment, nicolae_qazlal_style_of_elements
D:6:      kennysheep_mini_moat, grunt_temple_overflow_open
D:7:      enter_bailey_7, serial_shops, shop, uniq_duvessa
D:8:      elyvilon_altar_4, lair_0_dummy, grunt_ogre_cave, uniq_psyche,
          uniq_prince_ribbit1
D:9:      lemuel_doored_altar, nicolae_overflow_crystal_walls
D:10:     kennysheep_generic_room_2, uniq_nergalle, uniq_maurice
D:12:     orc_0_dummy, serial_shops, nicolae_shop_behind_doors, shop,
          nicolae_shop_trees, uniq_harold, uniq_fannar
D:13:     uniq_nessos
Temple:   oiseaux_autumnal_temple
Bailey:   bailey_axe_minmay_hex_keep, bailey

Skill      XL: |  1  2  3  4  5  6  7  8  9 10 11 12 |
---------------+-------------------------------------+-----
Slings         | 1 2 3 5 6 8 10 13 15 17 | 17.9
Fighting       | 3 4 5 |  5.1
Short Blades   | 3 |  3.2
Shields        | 4 5 7 9 10 | 10.8
Dodging        | 1 3 5 7 10 | 10.1
Long Blades    | 1 4 |  4.4
Evocations     | 1 3 |  3.3
Stealth        | 7 |  7.2
Armour         | |  3.2

Action                   |  1- 3 |  4- 6 |  7- 9 | 10-12 | 13-15 || total
-------------------------+-------+-------+-------+-------+-------++-------
Melee: Hunting sling     |     4 |     1 |       |       |       ||     5
       Rapier            |    43 |    11 |    17 |       |       ||    71
       Long sword        |       |       |    70 |   257 |    36 ||   363
 Fire: Hunting sling     |    69 |   245 |   422 |   499 |   105 ||  1340
Throw: Throwing net      |       |       |       |       |     1 ||     1
Evoke: Wand              |       |       |     8 |     7 |     1 ||    16
       Deck              |       |       |     7 |     9 |     6 ||    22
  Use: Scroll            |     4 |     4 |     6 |    12 |     6 ||    32
       Potion            |     2 |     2 |     6 |     2 |     1 ||    13
 Stab: Distracted        |       |       |       |     2 |       ||     2
       Sleeping          |       |       |       |    13 |       ||    13
  Eat: Chunk             |       |     6 |       |    12 |       ||    18
       Pizza             |       |     1 |       |       |       ||     1
       Meat ration       |       |       |     2 |     2 |       ||     4
Armor: Scale mail        |    79 |    12 |       |       |       ||    91
       Skin              |     2 |       |       |       |       ||     2
       Ring mail         |       |    17 |    72 |     9 |       ||    98
       Robe              |       |       |       |    24 |     6 ||    30
Dodge: Dodged            |    62 |    52 |   147 |   174 |    43 ||   478
Block: Shield            |   124 |    81 |   134 |   213 |    32 ||   584
